 Dungeon Crawl Stone Soup version 0.30-a0-394-g3e4acdb0ae (webtiles) character file.

Game seed: 8187503896529644727

179 p00ps00p the Trooper (level 5, 0/47 HPs)
             Began as a Hill Orc Fighter on Dec 7, 2022.
             Slain by an ogre
             ... wielding a +0 giant spiked club
              (21 damage)
             ... on level 5 of the Dungeon.
             The game lasted 00:04:23 (2782 turns).

p00ps00p the Trooper (Hill Orc Fighter)             Turns: 2782, Time: 00:04:24

Health: 0/47       AC:  7    Str: 21    XL:     5   Next: 59%
Magic:  5/5        EV:  9    Int:  8    God:
Gold:   142        SH:  5    Dex: 10    Spells: 4/4 levels left

rFire   . . .      SeeInvis .    a - +0 war axe (venom)
rCold   . . .      Faith    .    c - +1 buckler
rNeg    + . .      Spirit   .    b - +0 scale mail
rPois   .          Reflect  .    (no helmet)
rElec   .          Harm     .    (no cloak)
rCorr   .          Rampage  .    (no gloves)
Will    .....                    (no boots)
Stlth   ..........               (no amulet)
HPRegen 0.27/turn                h - ring of positive energy
MPRegen 0.09/turn                d - ring of flight

@: flying
A: no striking features
a: no special abilities


You were on level 5 of the Dungeon.
You visited 1 branch of the dungeon, and saw 5 of its levels.

You collected 142 gold pieces.

Inventory:

Hand Weapons
 a - a +0 war axe of venom (weapon)
Armour
 b - a +0 scale mail (worn)
 c - a +1 buckler (worn)
Jewellery
 d - a ring of flight (right hand)
 g - an amulet of faith
 h - a ring of positive energy (left hand)
 n - a ring of ice
Wands
 q - a wand of mindburst (6)
Scrolls
 j - a scroll of teleportation
 k - 2 scrolls of brand weapon
 m - 2 scrolls of blinking
Potions
 e - 3 potions of curing {unknown}
 f - 2 potions of mutation {unknown}
 i - a potion of lignification {unknown}
 l - a potion of berserk rage {unknown}
 r - a potion of ambrosia {unknown}
 s - a potion of might


   Skills:
 + Level 4.8 Fighting
 + Level 4.4 Axes
 + Level 4.3 Armour
 + Level 4.3 Shields


You had 4 spell levels left.
You didn't know any spells.
Your spell library contained the following spells:

 Spells                   Type           Power      Damage    Failure   Level
 Beastly Appendage        Tmut           0%         N/A       83%         1
 Sandblast                Erth           0%         2d4       83%         1
 Passwall                 Tmut/Erth      0%         N/A       92%         2
 Wereblood                Tmut           0%         N/A       92%         2
 Spider Form              Tmut/Pois      0%         N/A       99%         3
 Stone Arrow              Conj/Erth      0%         3d7       99%         3


Dungeon Overview and Level Annotations

Branches:
Dungeon (5/15)
 Temple: D:4-7

Altars:
Nemelex Xobeh
Zin

Annotations:
D:5 Pikel


Message History

(D) Dungeon
Where to? (Enter - D:4, ? - help)
There is a stone staircase leading down here.
You fly downwards.
You hear the sound of rushing water.
There is an entrance to a sewer on this level.
Hurry and find it before the portal rusts away!
The lemure shouts! x3; The iguana hisses angrily.
You hear a shout!
Found four items.
There is a stone staircase leading up here.
The lemure hits you.
You fly upwards.
There is a stone staircase leading down here.
You slash the lemure!
The lemure looks as sick as possible!
The lemure is heavily wounded.
The lemure hits you.
You closely miss the lemure.
The lemure is severely wounded.
The lemure hits you.
You barely miss the lemure.
The lemure is severely wounded.
The lemure barely misses you. The lemure hits you but does no damage.
You slash the lemure!
You kill the lemure!
That felt strangely unrewarding.
As you read the scroll labelled VOUFE GAICOUN, it crumbles to dust.
You assume a fearsome visage.
Nothing appears to happen.
It was a scroll of fear.
As you read the scroll labelled UXKUL OTAMO, it crumbles to dust.
You hear a loud clanging noise!
It was a scroll of noise.
You fly downwards.
You hear the sound of rushing water.
There is an entrance to a sewer on this level.
Hurry and find it before the portal rusts away!
Level annotation: Pikel The lemure hits you.
The ogre closely misses you. Pikel closely misses you. The lemure hits you.
There is a stone staircase leading up here.
The lemure hits you! Pikel hits you but does no damage. The lemure hits you!
The ogre hits you with a +0 giant spiked club!!
You die...

##..#.### ..
........###. .
.......$... ..
..........# ...
#.........#....
#...........r..
..!#..l5.......
......5@O./....
#.##..K........
#...........#
#.5..........
#......$......
#.............
.............##
..............


You could see Pikel, an ogre, 3 lemures, an iguana and a rat.

Vanquished Creatures
  A lemure (D:4)
  A hound (D:4)
  Ijyb (D:4)
  4 adders
  2 worms
  A dart slug (D:2)
  An orc (D:3)
  5 ball pythons
  6 bats
  10 endoplasms
  3 giant cockroaches
  3 goblins
  12 hobgoblins
  7 jackals
  7 kobolds
  2 quokkas
  2 frilled lizards (D:1)
  3 rats
71 creatures vanquished.

Notes
Turn   | Place    | Note
-------+----------+-------------------------------------------
     0 | D:1      | p00ps00p the Hill Orc Fighter began the quest for the Orb.
     0 | D:1      | Reached XP level 1. HP: 19/19 MP: 1/1
   129 | D:1      | Reached XP level 2. HP: 25/27 MP: 2/2
   487 | D:1      | Reached XP level 3. HP: 29/33 MP: 3/3
   991 | D:2      | Reached XP level 4. HP: 37/40 MP: 4/4
  1643 | D:3      | Found a glowing silver altar of Zin.
  1727 | D:3      | Found a sparkling altar of Nemelex Xobeh.
  1854 | D:3      | You are sucked into a shaft and drop 1 floor!
  2026 | D:4      | Reached XP level 5. HP: 34/47 MP: 5/5
  2224 | D:4      | Noticed Ijyb
  2233 | D:4      | Killed Ijyb
  2771 | D:5      | Entered Level 5 of the Dungeon
  2771 | D:5      | Noticed Pikel
  2771 | D:5      | Noticed a lemure
  2771 | D:5      | Noticed a lemure
  2771 | D:5      | Noticed a lemure
  2771 | D:5      | Noticed a lemure
  2772 | D:5      | Noticed an ogre
  2777 | D:4      | Killed a lemure
  2782 | D:5      | Slain by an ogre

Illustrated notes

Levels and vault maps discovered:
D:1:      evilmike_arrival_hilbert_curve, layout_loops_cross
D:2:      layout_basic
D:3:      layout_rooms, general_overflow_altar, nemelex_dance_club_becter,
          hex_large
D:4:      layout_basic, uniq_ijyb
D:5:      layout_cave_pools, lemuel_round_altar, portal_sewer_entry_a,
          uniq_pikel

Skill      XL: |  1  2  3  4 |
---------------+-------------+-----
Axes           | 3 4 |  4.4
Fighting       | 4 |  4.8
Armour         | 4 |  4.3
Shields        | 4 |  4.3

Action                   |  1- 3 |  4- 6 || total
-------------------------+-------+-------++-------
Melee: War axe           |    73 |    91 ||   164
  Use: Scroll            |     3 |     9 ||    12
       Potion            |       |     1 ||     1
Armor: Scale mail        |    50 |    40 ||    90
Dodge: Dodged            |    42 |    37 ||    79
Block: Buckler           |    10 |    24 ||    34

Table legend: (Time is in decaauts)
 A = Elapsed time spent in this place.
 B = Non-inter-level travel time spent in this place.
 C = Inter-level travel time spent in this place.
 D = Time resting spent in this place.
 E = Time spent auto-exploring this place.
 F = Levels seen in this place.
 G = Mean time per level.
                   A        B        C        D        E       F      G
               +--------+--------+--------+--------+--------+-----+--------+
         Total |   2839 |   2776 |     63 |    287 |   2008 |   5 |  567.8 |
       Dungeon |   2839 |   2776 |     63 |    287 |   2008 |   5 |  567.8 |
               +--------+--------+--------+--------+--------+-----+--------+

Top non-repeatable levels by time:
     D:4: 880 daAuts
     D:1: 834 daAuts
     D:3: 577 daAuts
     D:2: 543 daAuts
     D:5: 3 daAuts
